Map: Abyssal Reef LE

Players

Mamba - Winner!

  • Race: Zerg Zerg
  • Spawn Location: 11:00

Gambeta

  • Race: Terran Terran
  • Spawn Location: 5:00

Event: WCS Valencia 2017

VOD

Have the link to the VOD?

Description

Time

  • Played on: July 13, 2017, 7:24 a.m.
  • Length: 6:13

All games in this series

Show
View Real Time Build Order
Export as new Build Order

Mamba Zerg - Winner!

Build Orders: Hatch First 

Get SALT Encoding   

  12  0:01  Drone  
  13  0:12  Overlord  
  13  0:17  Drone  
  14  0:31  Drone x2  
  16  0:35  Drone  
  17  0:53  Hatchery  
  16  0:57  Drone  
  16  1:00  Drone  
  18  1:06  Extractor  
  17  1:15  Spawning Pool  
  16  1:19  Drone  
  16  1:22  Drone  
  18  1:30  Drone  
  19  1:42  Overlord  
  19  2:02  Queen  
  19  2:03  Zergling x4  
  19  2:05  Metabolic Boost  
  19  2:07  Queen  
  25  2:10  Zergling x2  
  25  2:13  Drone  
  27  2:16  Drone  
  28  2:25  Drone  
  29  2:34  Drone  
  31  2:44  Hatchery, Drone  
  31  2:46  Drone  
  31  2:53  Queen  
  31  2:58  Overlord  
  33  3:03  Drone  
  33  3:04  Drone  
  35  3:09  Overlord  
  36  3:12  Drone  
  36  3:19  Drone x3  
  39  3:21  Drone  
  39  3:26  Drone x3  
  43  3:37  Overlord  
  43  3:42  Drone  
  43  3:47  Roach Warren  
  43  3:50  Drone x6  
  43  3:54  Drone x2  
  43  3:55  Extractor  
  50  3:57  Extractor, Drone  
  50  4:01  Queen  
  52  4:06  Zergling x4  
  52  4:09  Overlord  
  54  4:23  Overlord x2  
  54  4:24  Overlord  
  54  4:34  Roach x6  
  66  4:42  Roach x3  
  71  4:48  Roach  
  71  4:49  Roach x2  
  77  4:55  Zergling x2  
  77  4:56  Zergling x8  
  82  5:03  Zergling x8  
  86  5:10  Zergling x6  
  89  5:16  Overlord  
  89  5:17  Overlord  
  89  5:18  Overlord  
  91  5:35  Ravager x4  
  91  5:36  Ravager  
  91  5:38  Zergling x20  
  91  5:42  Ravager  
  102  5:43  Ravager  
  102  5:44  Zergling x4  
  104  5:55  Zergling x8  
  104  5:56  Zergling x2  
  102  6:07  Ravager  
Show
View Real Time Build Order
Export as new Build Order

Gambeta Terran 

Build Orders: Reaper Expand 

Get SALT Encoding   

  12  0:01  SCV  
  13  0:13  SCV  
  14  0:17  Supply Depot  
  14  0:25  SCV  
  15  0:39  SCV  
  15  0:40  Barracks  
  16  0:47  Refinery  
  16  0:51  SCV  
  17  1:03  SCV  
  18  1:15  SCV  
  19  1:27  Orbital Command  
  19  1:30  Reaper  
  20  1:41  Command Center  
  20  1:50  Supply Depot  
  20  1:53  SCV  
  21  2:02  Barracks Reactor  
  21  2:06  SCV  
  22  2:18  SCV  
  23  2:26  Factory  
  23  2:36  SCV  
  24  2:39  Command Center  
  24  2:41  Marine x2  
  26  2:49  SCV  
  27  2:54  Orbital Command  
  27  3:01  SCV  
  28  3:11  Barracks Tech Lab  
  28  3:13  SCV  
  28  3:16  Refinery  
  28  3:18  Hellion x2  
  33  3:25  SCV x2  
  35  3:31  Marine  
  35  3:32  Stimpack  
  36  3:37  SCV  
  36  3:38  SCV  
  37  3:42  Hellion x2  
  37  3:47  Starport  
  41  3:49  SCV  
  41  3:51  SCV  
  41  3:54  Orbital Command  
  41  3:55  Marine  
  44  4:05  Hellion x2  
  44  4:08  SCV x2  
  50  4:13  Supply Depot  
  50  4:19  Marine  
  50  4:20  SCV x3  
  54  4:24  Medivac  
  54  4:26  Supply Depot  
  54  4:31  Hellion x2  
  60  4:32  SCV  
  60  4:35  SCV x2  
  60  4:37  Marine  
  64  4:44  SCV  
  65  4:47  SCV  
  65  4:48  Supply Depot x2  
  65  4:50  SCV  
  67  4:54  Supply Depot  
  67  4:56  SCV  
  67  4:57  Starport Reactor  
  68  5:02  SCV  
  68  5:04  Factory Reactor  
  69  5:07  SCV  
  69  5:08  Barracks  
  69  5:10  Barracks, Engineering Bay  
  71  5:14  SCV  
  71  5:15  SCV  
  71  5:16  Engineering Bay  
  71  5:18  Supply Depot  
  71  5:20  Marine  
  73  5:22  Factory Tech Lab  
  69  5:37  Marine  
  69  5:41  Supply Depot  
  66  5:44  SCV  
  66  5:45  Bunker, SCV  
  66  5:46  Refinery  
  73  5:55  Marine  
Tags
 
Add a new tag
Caveats
  • Supply blocks, unpowered buildings, or Contaminate may cause inaccurate times.
  • Supply counts are checked every 10 seconds.